 Seeded DCSS version 0.25.1-8-g42b30a86e7 (webtiles) character file.

Game seed: 20201210 (custom seed)

21 radhat240 the Sneak (level 2, -2/15 HPs)
             Began as a Spriggan Assassin on Dec 17, 2020.
             Was an Initiate of Dithmenos.
             Slain by a hobgoblin (4 damage)
             ... on level 1 of the Dungeon.
             The game lasted 00:05:53 (703 turns).

radhat240 the Sneak (Spriggan Assassin)              Turns: 703, Time: 00:05:54

Health: -2/15      AC:  3    Str:  8    XL:     2   Next: 65%
Magic:  3/3        EV: 17    Int: 12    God:    Dithmenos [......]
Gold:   6          SH:  0    Dex: 17    Spells: 1/1 levels left

rFire    . . .     SeeInvis +   k - +8 dagger "Nayrioqem" {elec, rElec rN+++ Str-5 Stlth+}
rCold    . . .     Gourm    .   (shield restricted)
rNeg     + + +     Faith    .   b - +0 robe
rPois    .         Spirit   .   (helmet restricted)
rElec    +         Reflect  .   c - +0 cloak
rCorr    .         Harm     .   (gloves unavailable)
MR       .....                  (boots unavailable)
Stlth    ++++......             i - amulet of regeneration
HPRegen  0.45/turn              m - +6 ring of strength
MPRegen  0.08/turn              (no ring)

@: very quick
A: very small, unfitting armour, see invisible, herbivore, speed 3, slow
metabolism 2
a: Renounce Religion


You were on level 1 of the Dungeon.
You worshipped Dithmenos.
Dithmenos was noncommittal.
You were not hungry.

You visited 1 branch of the dungeon, and saw 5 of its levels.

You collected 6 gold pieces.

Inventory:

Hand Weapons
 a - a +2 dagger
 k - the +8 dagger "Nayrioqem" (weapon) {elec, rElec rN+++ Str-5 Stlth+}
   (You found it on level 5 of the Dungeon)

   Occasionally, upon striking a foe, it will discharge some electrical energy
   and cause terrible harm.
   It affects your strength (-5).
   It insulates you from electricity.
   It renders you almost immune to negative energy.
   It makes you more stealthy.
Missiles
 d - 25 poisoned darts (quivered)
 e - 2 curare-tipped darts
 h - 7 atropa-tipped darts
Armour
 b - a +0 robe (worn)
 c - a +0 cloak (worn)
Jewellery
 i - an amulet of regeneration (around neck)
 m - a +6 ring of strength (left hand)
Scrolls
 g - a scroll of identify {unknown}
 j - 3 scrolls of amnesia {unknown}
 n - a scroll of enchant armour {unknown}
Potions
 l - a potion of ambrosia {unknown}
Comestibles
 f - 5 rations


   Skills:
 + Level 1.7 Fighting
 + Level 2.3 Short Blades
 + Level 2.2 Throwing
 + Level 1.9 Dodging
 * Level 6.5 Stealth


You had one spell level left.
You didn't know any spells.
Your spell library was empty.

Dungeon Overview and Level Annotations

Branches:
Dungeon (5/15)
 Temple: D:4-7

Altars:
Dithmenos
Vehumet
Yredelemnul


Innate Abilities, Weirdness & Mutations

You are very small and have problems with some larger weapons.
You are too small for most types of armour.
You have supernaturally acute eyesight. (SInv)
You are a herbivore.
You cover ground extremely quickly.
You need to consume almost no food.


Message History

You kill the rat!
Dithmenos accepts your kill.
You see here a rat corpse.
The hobgoblin shouts!
You hear a shout! x3
A gnoll comes into view. It is wielding a +0 whip.
A hobgoblin comes into view.
The hobgoblin completely misses you.
You hit the hobgoblin.
You kill the hobgoblin!
Dithmenos accepts your kill.
A rat comes into view.
You closely miss the hobgoblin. The hobgoblin hits you.
You barely miss the gnoll. The gnoll hits you with a +0 whip.
The hobgoblin closely misses you. The hobgoblin hits you.
You hit the gnoll.
The gnoll is heavily wounded.
The gnoll hits you with a +0 whip!
* * * LOW HITPOINT WARNING * * *
The hobgoblin hits you.
You die...

##### ##....
..... ....##### #
#......
##..#.gg.#
...r..g@>#
###...#..# #.#
#..# # #†## #
#.####### ## #.
#.#.....# .#####
. #.#.###.#######
.....### #.#.#.#
#.......#
.......##
#.#.#.######....#


You could see a gnoll, 2 hobgoblins and a rat.

Vanquished Creatures
  An orc (D:3)
  2 bats (D:1)
  A giant cockroach (D:3)
  3 goblins
  5 hobgoblins
  A frilled lizard (D:1)
  2 kobolds (D:1)
  4 rats
19 creatures vanquished.

Notes
Turn   | Place    | Note
-------+----------+-------------------------------------------
     0 | D:1      | radhat240 the Spriggan Assassin began the quest for the
                  | Orb.
     0 | D:1      | Reached XP level 1. HP: 10/10 MP: 2/2
    98 | D:2      | Reached skill level 6 in Stealth
   111 | D:2      | Found a shadowy altar of Dithmenos.
   124 | D:2      | Found a basalt altar of Yredelemnul.
   124 | D:2      | Found a radiant altar of Vehumet.
   128 | D:2      | Became a worshipper of Dithmenos the Shadowed
   325 | D:4      | Noticed an orc wizard
   328 | D:5      | Entered Level 5 of the Dungeon
   332 | D:5      | Got a faintly glowing dagger
   371 | D:5      | Identified the +8 dagger "Nayrioqem" {elec, rElec rN+++
                  | Str-5 Stlth+} (You found it on level 5 of the Dungeon)
   395 | D:5      | Noticed a jelly
   398 | D:5      | Noticed an iguana
   405 | D:5      | Noticed a slave
   434 | D:5      | Noticed a slave
   560 | D:3      | Reached XP level 2. HP: 10/14 MP: 3/3
   703 | D:1      | Slain by a hobgoblin

Illustrated notes

Levels and vault maps discovered:
D:1:      dpeg_arrival_snail, layout_basic
D:2:      layout_basic, chequers_temple_overflow_statue_of_worship,
          minmay_hedge_maze, minmay_misc_feat_five
D:3:      layout_basic
D:4:      layout_loops_ring, tgw_trog, first_ration, minmay_distorted
D:5:      layout_basic, kennysheep_nub, minmay_fractal_squares_diagonal_5,
          uniq_pikel

Skill      XL: |  1 |
---------------+----+-----
Stealth        | 6 |  6.5
Fighting       | |  1.7
Short Blades   | |  2.3
Throwing       | |  2.2
Dodging        | |  1.9

Action                   || total
-------------------------++-------
Melee: Dagger            ||    32
 Stab: Sleeping          ||     5
Armor: Robe              ||     2
Dodge: Dodged            ||    20
